 Dungeon Crawl Stone Soup version 0.30.0-21-gd299b56b3f (webtiles) character file.

Game seed: 17043916717778873173

251 qw the Chopper (level 6, -2/38 HPs)
             Began as a Gargoyle Fighter on June 2, 2023.
             Slain by an ogre
             ... wielding a +0 giant spiked club
              (24 damage)
             ... on level 4 of the Dungeon.
             The game lasted 00:01:21 (2156 turns).

qw the Chopper (Gargoyle Fighter)                   Turns: 2156, Time: 00:01:22

Health: -2/38      AC: 11    Str: 27    XL:     6   Next: 13%
Magic:  6/6        EV: 10    Int:  9    God:
Gold:   218        SH:  4    Dex:  9    Spells: 5/5 levels left

rFire   + . .        Y - +2 war axe
rCold   . . .        c - +0 buckler
rNeg    + . .        f - +1 ring mail {rF+}
rPois   inf          (no helmet)
rElec   +            (no cloak)
rCorr   .            (no gloves)
SInv    .            (no boots)
Will    .....        o - amulet of the acrobat Stlth
                     j - +6 ring of strength
HPRegen 0.26/turn    (no ring)
MPRegen 0.10/turn

%: acrobat
@: no status effects
A: sickness immunity, AC +4, negative energy resistance 1, electricity
resistance, torment resistance 1, petrification resistance
a: no special abilities


You were on level 4 of the Dungeon.
You visited 1 branch of the dungeon, and saw 4 of its levels.

You collected 218 gold pieces.


Innate Abilities, Weirdness & Mutations

You are immune to sickness and miasma.
Your stone body is resilient. (AC +4)
You are immune to poison.
You resist negative energy. (rN+)
You are resistant to electric shocks. (rElec)
You are resistant to unholy torment.
You are immune to petrification.


   Skills:
 - Level 4.1 Fighting
 + Level 5.0 Axes
 - Level 3.2 Armour
 - Level 1.1 Dodging
 - Level 3.2 Shields


You had 5 spell levels left.
You didn't know any spells.
Your spell library was empty.

Inventory:

Hand Weapons
 p - a +0 flail
 Y - a +2 war axe (weapon)
Armour
 b - a +0 scale mail
 c - a +0 buckler (worn)
 f - a +1 ring mail of fire resistance (worn)
Jewellery
 j - a +6 ring of strength (left hand)
 o - an amulet of the acrobat (around neck)
Scrolls
 e - 2 scrolls of identify
Potions
 a - a potion of haste {unknown}
 d - a potion of might
 i - a potion of curing {unknown}
 k - a potion of cancellation {unknown}
 l - a potion of mutation {unknown}
 m - a potion of resistance {unknown}

Dungeon Overview and Level Annotations

Branches:
Dungeon (4/15)
 Temple: D:4-7

Altars:
Hepliaklqana


Message History

An ogre comes into view. It is wielding a +0 giant spiked club.
The jackal closely misses you.
You barely miss the jackal.
The jackal is severely wounded.
You hit the jackal. You miss the jackal. You hit the jackal.
You block the jackal's attack. The jackal barely misses you.
The jackal closely misses you.
The jackal bites you but does no damage.
The jackal closely misses you. The jackal bites you. x2
The jackal bites you but does no damage.
You hit the jackal.
You kill the jackal!
You hit the jackal but do no damage. You hit the jackal.
You kill the jackal!
You completely miss the jackal.
The jackal bites you but does no damage.
The jackal bites you.
The jackal bites you but does no damage.
You hit the jackal.
The jackal is almost dead.
You closely miss the jackal. The jackal bites you.
The jackal closely misses you. x3
You closely miss the jackal.
The jackal is almost dead.
You slash the jackal!
You kill the jackal!
The jackal bites you but does no damage.
The jackal barely misses you.
You barely miss the jackal.
The jackal is almost dead.
The jackal bites you but does no damage.
You slash the jackal!
You kill the jackal!
You hit the ogre.
The ogre hits you with a +0 giant spiked club!
You slash the ogre!
The ogre is heavily wounded.
The ogre hits you with a +0 giant spiked club!!
Ouch! That really hurt!
You die...

#..... #....) . #.....
.. #..... ... #.....
.... ########## #.....
..... #........# #.....
......#%.......# #.....
......O@.......# #.....
......%..../...####.....
........................
...............###......
...........#####........
...........# #.#.#....
...........# #.._.....
...........# ###.#.##.
..$......# #...###


You could see an ogre.

Vanquished Creatures
  An orc priest (D:3)
  A hound (D:4)
  An iguana (D:4)
  Natasha (twice) (D:4)
  4 adders
  A worm (D:2)
  A dart slug (D:1)
  4 orcs (D:3)
  5 bats
  8 endoplasms
  A giant cockroach (D:2)
  6 goblins
  5 hobgoblins
  4 jackals (D:4)
  10 kobolds
  8 ball pythons
  7 frilled lizards
  5 rats
74 creatures vanquished.

Notes
Turn   | Place    | Note
-------+----------+-------------------------------------------
     0 | D:1      | qw the Gargoyle Fighter began the quest for the Orb.
     0 | D:1      | Reached XP level 1. HP: 14/14 MP: 1/1
     0 | D:1      | 0 ||| qw: Version: 0.2-a-102-gdf20003
     0 | D:1      | 0 ||| qw: Game counter: 827
     0 | D:1      | 0 ||| qw: Always use a shield: true
     0 | D:1      | 0 ||| qw: God list: Okawaru
     0 | D:1      | 0 ||| qw: Allow faded altars: false
     0 | D:1      | 0 ||| qw: Do Orc after D:15 true
     0 | D:1      | 0 ||| qw: Do second Lair branch before Depths: true
     0 | D:1      | 0 ||| qw: Lair rune preference: random
     0 | D:1      | 0 ||| qw: Plans: Normal, Zot:1-4, Slime:5, God:TSO, Crypt,
                  | Tomb, Pan, Hells, Abyss, Win
     0 | D:1      | 0 ||| PLANNING D:1-11
    62 | D:1      | Reached skill level 2 in Axes
    77 | D:1      | 77 ||| Stepping ~*~*~tactically~*~*~ (stealth).
   212 | D:1      | HP: 1/14 [kobold/+0 club (3)]
   214 | D:1      | Reached XP level 2. HP: 2/19 MP: 2/2
   241 | D:1      | 241 ||| FLEEEEING.
   242 | D:1      | 242 ||| FLEEEEING.
   243 | D:1      | 243 ||| FLEEEEING.
   244 | D:1      | 244 ||| FLEEEEING.
   245 | D:1      | 245 ||| FLEEEEING.
   246 | D:1      | 246 ||| FLEEEEING.
   247 | D:1      | 247 ||| FLEEEEING.
   248 | D:1      | 248 ||| FLEEEEING.
   249 | D:1      | 249 ||| FLEEEEING.
   250 | D:1      | 250 ||| FLEEEEING.
   251 | D:1      | 251 ||| FLEEEEING.
   252 | D:1      | 252 ||| FLEEEEING.
   253 | D:1      | 253 ||| FLEEEEING.
   255 | D:1      | 255 ||| FLEEEEING.
   256 | D:1      | 256 ||| FLEEEEING.
   257 | D:1      | 257 ||| FLEEEEING.
   258 | D:1      | 258 ||| FLEEEEING.
   259 | D:1      | 259 ||| FLEEEEING.
   260 | D:1      | 260 ||| FLEEEEING.
   261 | D:1      | 261 ||| FLEEEEING.
   262 | D:1      | 262 ||| FLEEEEING.
   263 | D:1      | 263 ||| FLEEEEING.
   264 | D:1      | 264 ||| FLEEEEING.
   265 | D:1      | 265 ||| FLEEEEING.
   266 | D:1      | 266 ||| FLEEEEING.
   267 | D:1      | 267 ||| FLEEEEING.
   268 | D:1      | 268 ||| FLEEEEING.
   269 | D:1      | 269 ||| FLEEEEING.
   270 | D:1      | 270 ||| FLEEEEING.
   271 | D:1      | 271 ||| FLEEEEING.
   441 | D:1      | 441 ||| DROPPING +0 club.
   716 | D:1      | 716 ||| READING scroll labelled MEORUE CISKUOPEMNE.
   717 | D:1      | 717 ||| READING scroll labelled BOHOJA UFOTSU.
   740 | D:2      | Reached skill level 3 in Axes
   764 | D:2      | Reached XP level 3. HP: 23/23 MP: 3/3
   907 | D:2      | 907 ||| Stepping ~*~*~tactically~*~*~ (hiding).
   908 | D:2      | 908 ||| Stepping ~*~*~tactically~*~*~ (hiding).
   918 | D:2      | 918 ||| Stepping ~*~*~tactically~*~*~ (stealth).
  1049 | D:2      | 1049 ||| Stepping ~*~*~tactically~*~*~ (stealth).
  1062 | D:2      | Reached XP level 4. HP: 24/28 MP: 4/4
  1174 | D:2      | 1174 ||| UPGRADING to +1 ring mail of fire resistance.
  1184 | D:2      | 1184 ||| UPGRADING to +6 ring of strength.
  1185 | D:2      | 1185 ||| READING 2 scrolls labelled JODDIM NUXZIH.
  1186 | D:2      | 1186 ||| READING scroll labelled IKLAOXEYNI.
  1236 | D:3      | 1236 ||| READING scroll of enchant weapon.
  1236 | D:3      | 1236 ||| ENCHANTING +1 war axe.
  1396 | D:3      | Reached skill level 4 in Axes
  1464 | D:3      | Identified the +1 falchion "Fudd" {elec, rElec Will++
                  | Str-2}
  1467 | D:3      | 1467 ||| Stepping ~*~*~tactically~*~*~ (stealth).
  1469 | D:3      | 1469 ||| Stepping ~*~*~tactically~*~*~ (hiding).
  1471 | D:3      | 1471 ||| Stepping ~*~*~tactically~*~*~ (hiding).
  1481 | D:3      | HP: 6/28 [orc priest/+0 war axe (2)]
  1576 | D:3      | 1576 ||| DROPPING +0 whip.
  1713 | D:3      | Reached XP level 5. HP: 27/32 MP: 5/5
  1786 | D:3      | 1786 ||| UPGRADING to amulet of the acrobat.
  1791 | D:3      | 1791 ||| READING 4 scrolls labelled VES QOINOIFE.
  1792 | D:3      | 1792 ||| READING scroll labelled FAOMET ENEIBU.
  1793 | D:3      | 1793 ||| READING 2 scrolls of identify.
  1793 | D:3      | 1793 ||| IDENTIFYING lumpy amethyst potion
  1794 | D:3      | 1794 ||| DROPPING potion of degeneration.
  1795 | D:3      | 1795 ||| DROPPING 3 scrolls of fear.
  1993 | D:4      | Reached skill level 5 in Axes
  2071 | D:4      | Noticed Natasha
  2078 | D:4      | Killed Natasha
  2079 | D:4      | Reached skill level 1 in Dodging
  2096 | D:4      | Found a hazy altar of Hepliaklqana.
  2140 | D:4      | Noticed Natasha
  2142 | D:4      | 2142 ||| Stepping ~*~*~tactically~*~*~ (hiding).
  2145 | D:4      | Killed Natasha
  2146 | D:4      | Reached XP level 6. HP: 38/38 MP: 6/6
  2156 | D:4      | Slain by an ogre

Levels and vault maps discovered:
D:1:      wander_arrival_fairy_ring, layout_basic, hangedman_decor_growths
D:2:      cheibrodos_old_hovel, layout_rooms
D:3:      layout_rooms
D:4:      layout_basic, lemuel_crystal_altar,
          nicolae_concentric_dashed_squares_mild, uniq_natasha

Skill      XL: |  1  2  3  4  5 |
---------------+----------------+-----
Axes           | 2 3 4 5 |  5.0
Dodging        | 1 |  1.1
Fighting       | 4 |  4.1
Armour         | |  3.2
Shields        | |  3.2

Action                     |  1- 3 |  4- 6 || total
---------------------------+-------+-------++-------
  Melee: War axe           |    94 |    89 ||   183
    Use: Scroll            |     2 |     6 ||     8
 Armour: Scale mail        |    59 |     2 ||    61
         Ring mail         |       |    39 ||    39
  Dodge: Dodged            |    48 |    50 ||    98
  Block: Buckler           |    15 |     9 ||    24

Table legend:
 A = Non-vault XP
 B = Vault XP
 C = Vault XP percentage of total XP
 D = Non-vault monster count
 E = Vault monster count
 F = Vault count percentage of total count
                 A         B        C        D         E       F
            +---------+---------+-------+---------+---------+-------
      Total |     321 |      38 |  10.6 |      72 |       2 |   2.7
            +---------+---------+-------+---------+---------+-------
        D:1 |      28 |       0 |   0.0 |      17 |       0 |   0.0
        D:2 |      56 |       2 |   3.4 |      29 |       1 |   3.3
        D:3 |      87 |       0 |   0.0 |      10 |       0 |   0.0
        D:4 |     150 |      36 |  19.4 |      16 |       1 |   5.9
            +---------+---------+-------+---------+---------+-------
